 Dungeon Crawl Stone Soup version 0.28-a0-1435-g82390b3a13 (webtiles) character file.

Game seed: 16368880626959391146

12240 HallandMoats the Fighter (level 11, -3/74 HPs)
             Began as a Gargoyle Fighter on Jan 9, 2022.
             Was a High Priest of Okawaru.
             Slain by a komodo dragon (18 damage)
             ... on level 11 of the Dungeon.
             The game lasted 00:17:49 (14671 turns).

HallandMoats the Fighter (Gargoyle Fighter)        Turns: 14671, Time: 00:17:49

Health: -3/74      AC: 26    Str: 22    XL:     11   Next: 90%
Magic:  25/25      EV:  8    Int:  9    God:    Okawaru [*****.]
Gold:   615        SH:  5    Dex: 11    Spells: 10/10 levels left

rFire   . . .      SeeInvis .   a - +3 whip (venom)
rCold   . . .      Faith    .   c - +0 buckler
rNeg    + + +      Spirit   .   u - +3 plate armour
rPois   ∞          Reflect  .   x - +0 hat of Insecurity {rPois rN+}
rElec   +          Harm     .   p - +0 cloak {Will+}
rCorr   .          Rampage  .   (no gloves)
Will    +....                   (no boots)
Stlth   ..........              (no amulet)
HPRegen 0.22/turn               q - ring of magical power
MPRegen 0.19/turn               v - ring of positive energy

@: mighty, about to teleport
A: sickness immunity, AC +8, negative energy resistance 1, electricity
resistance, torment resistance 1, petrification resistance
a: Renounce Religion, Heroism, Finesse, Duel


You were on level 11 of the Dungeon.
You worshipped Okawaru.
Okawaru was extremely pleased with you.
You visited 2 branches of the dungeon, and saw 12 of its levels.

You collected 615 gold pieces.

Inventory:

Hand Weapons
 a - a +3 whip of venom (weapon)
Armour
 c - a +0 buckler (worn)
 p - a +0 cloak of willpower (worn)
 u - a +3 plate armour (worn)
 x - the +0 hat of Insecurity (worn) {rPois rN+}
   (Okawaru gifted it to you on level 10 of the Dungeon)

   rPois:     It protects you from poison.
   rN:        It protects you from negative energy.
Jewellery
 q - a ring of magical power (left hand)
 v - a ring of positive energy (right hand)
 z - a ring of willpower
Scrolls
 h - 2 scrolls of magic mapping {unknown}
 i - 9 scrolls of identify {unknown}
 l - a scroll of vulnerability {unknown}
 m - 3 scrolls of amnesia {unknown}
 o - 3 scrolls of enchant armour {unknown}
 r - a scroll of blinking {unknown}
 y - a scroll of fear {unknown}
Potions
 b - 2 potions of heal wounds {unknown}
 d - 2 potions of might
 f - 3 potions of lignification {unknown}
 g - a potion of resistance {unknown}
 j - 5 potions of curing
 k - 3 potions of degeneration {unknown}
 n - 2 potions of brilliance {unknown}
 s - a potion of magic {unknown}
 t - 4 potions of ambrosia {unknown}
 w - a potion of mutation {unknown}


   Skills:
 + Level 11.1 Fighting
 + Level 10.0 Maces & Flails
 + Level 8.2 Armour
 * Level 5.6 Dodging
 - Level 5.9 Shields
 * Level 7.4 Invocations


You had 10 spell levels left.
You didn't know any spells.
Your spell library contained the following spells:

 Spells                   Type           Power      Damage    Failure   Level
 Apportation              Tloc           0%         N/A       100%        1
 Sandblast                Erth           0%         2d4       100%        1
 Shock                    Conj/Air       0%         1d3       100%        1
 Sting                    Tmut/Pois      0%         1d3       100%        1
 Passwall                 Tmut/Erth      0%         N/A       100%        2
 Poisonous Vapours        Pois/Air       0%         N/A       100%        2
 Static Discharge         Conj/Air       0%         N/A       100%        2
 Wereblood                Tmut           0%         N/A       100%        2
 Confusing Touch          Hex            0%         N/A       100%        3
 Frozen Ramparts          Ice            0%         1d2       100%        3
 Stone Arrow              Conj/Erth      0%         3d7       100%        3
 Swiftness                Air            0%         N/A       100%        3
 Airstrike                Air            0%         N/A       100%        4
 Ice Form                 Ice/Tmut       0%         N/A       100%        4
 Olgreb's Toxic Radiance  Pois           0%         N/A       100%        4
 Passage of Golubria      Tloc           0%         N/A       100%        4
 Alistair's Intoxication  Tmut/Pois      0%         N/A       100%        5
 Blade Hands              Tmut           0%         N/A       100%        5
 Lightning Bolt           Conj/Air       0%         1d11      100%        5
 Yara's Violent Unravell  Hex/Tmut       0%         3d3       100%        5
 Iron Shot                Conj/Erth      0%         9d1       100%        6
 Enfeeble                 Hex            0%         N/A       100%        7
 Maxwell's Capacitive Co  Air            0%         ∞         100%        8
 Sublimation of Blood     Necr           Unusable   N/A       N/A         2
 Tukima's Dance           Hex            Unusable   N/A       N/A         3
 Animate Armour           Summ/Erth      Unusable   N/A       N/A         4
 Summon Ice Beast         Ice/Summ       Unusable   N/A       N/A         4
 Malign Gateway           Summ/Tloc      Unusable   N/A       N/A         7
 Summon Hydra             Summ           Unusable   N/A       N/A         7
 Summon Horrible Things   Summ           Unusable   N/A       N/A         8

Dungeon Overview and Level Annotations

Branches:
Dungeon (11/15)            Temple (1/1) D:5
   Lair: D:8-11         Orc: D:9-12

Altars:
Ashenzari
Cheibriados
Dithmenos
Elyvilon
Fedhas
Gozag
Hepliaklqana
Kikubaaqudgha
Makhleb
Nemelex Xobeh
Okawaru
Qazlal
Ru
Sif Muna
Trog
Uskayaw
Vehumet
Wu Jian
Xom
Yredelemnul
Zin
The Shining One
Jiyva

Shops:
D:2 (   D:6 *   D:8 =

Annotations:
D:9 3 runed translucent doors, flotson's ghost, novice DsGl
D:10 2 runed translucent doors, flotson's ghost, journeyman DsGl


Innate Abilities, Weirdness & Mutations

You are immune to sickness and miasma.
Your stone body is resilient. (AC +8)
You are immune to poison.
You resist negative energy. (rN+)
You are resistant to electric shocks. (rElec)
You are resistant to unholy torment.
You are immune to petrification.


Message History

You feel very mighty all of a sudden.
The acid dragon roars!
You barely miss the komodo dragon. You barely miss the komodo dragon.
The komodo dragon bites you.
You whack the komodo dragon!
The komodo dragon looks as sick as possible!
The komodo dragon is moderately wounded.
The komodo dragon bites you but does no damage.
You closely miss the komodo dragon.
The komodo dragon is moderately wounded.
You hit the komodo dragon but do no damage.
The komodo dragon looks as sick as possible!
The komodo dragon is heavily wounded.
The komodo dragon bites you but does no damage.
You barely miss the komodo dragon.
The komodo dragon is heavily wounded.
The acid dragon spits acid at you. The splash of acid hits you.
You closely miss the komodo dragon.
The komodo dragon is heavily wounded.
The komodo dragon bites you!!
The acid dragon bites you but does no damage.
The acid dragon claws you but does no damage.
You whack the komodo dragon!
The komodo dragon looks as sick as possible!
The komodo dragon is severely wounded.
The komodo dragon bites you!!
You hit the acid dragon.
The acid dragon is moderately wounded.
The acid dragon bites you but does no damage.
The acid dragon claws you but does no damage.
You whack the acid dragon!
The acid dragon is severely wounded.
The komodo dragon bites you!
* * * LOW HITPOINT WARNING * * *
The acid dragon bites you but does no damage.
The acid dragon closely misses you.
As you read the scroll of teleportation, it crumbles to dust.
You feel strangely unstable. The komodo dragon bites you!!
You die...

####
############..###
###.....÷.÷.###(#.#
#.....###.....)@l.###
##..####
#.......D....# ..###
####.###........ ###
### .#....... #
##...#. .##.. # #
############
#.##.......#


You could see a komodo dragon (extremely poisoned) and an acid dragon.

Vanquished Creatures
  A boulder beetle (D:10)
  5 two-headed ogres
  An ice statue (D:10)
  4 molten gargoyles (D:9)
  2 komodo dragons (D:11)
  A troll (D:9)
  A wraith (D:11)
  2 wyverns
  9 yaks
  4 vampire mosquitoes (D:11)
  2 water moccasins
  A black bear (D:2)
  2 orc warriors
  2 sky beasts (D:7)
  A necrophage (D:7)
  2 ogres
  8 centaurs
  2 phantoms
  2 kobold brigands
  A bullfrog (D:8)
  A gnoll sergeant (D:8)
  2 scorpions
  A water moccasin skeleton (D:5)
  6 killer bees
  3 wights (D:9)
  6 howler monkeys
  3 centaur zombies
  A lava snake (D:9)
  A bullfrog zombie (D:5)
  3 hounds (D:5)
  2 bullfrog skeletons (D:6)
  A centaur skeleton (D:6)
  A jelly (D:8)
  5 orc priests
  Terence (D:3)
  12 iguanas
  7 orc wizards
  2 howler monkey zombies
  Robin (D:4)
  7 adders
  4 gnolls (D:8)
  2 white imps
  2 dart slugs
  18 orcs
  6 ball pythons
  7 endoplasms
  4 giant cockroaches
  10 goblins
  4 hobgoblins
  6 jackals
  6 quokkas
  4 bats
  3 frilled lizards
  10 kobolds
  7 rats
  A spectral goblin (D:2)
213 creatures vanquished.

Vanquished Creatures (others)
  A centaur simulacrum (D:10)
1 creature vanquished.

Grand Total: 214 creatures vanquished

Notes
Turn   | Place    | Note
-------+----------+-------------------------------------------
     0 | D:1      | HallandMoats the Gargoyle Fighter began the quest for the
                  | Orb.
     0 | D:1      | Reached XP level 1. HP: 14/14 MP: 1/1
   157 | D:1      | You fall into a shaft and drop 1 floor!
   161 | D:2      | Found a faded altar of an unknown god.
   184 | D:1      | Reached XP level 2. HP: 19/19 MP: 2/2
   941 | D:1      | Reached XP level 3. HP: 20/24 MP: 3/3
  1288 | D:2      | Noticed a black bear
  1292 | D:2      | Found Wyex's Weapon Emporium.
  1305 | D:2      | Killed a black bear
  1306 | D:2      | Reached skill level 4 in Fighting
  1306 | D:2      | Reached skill level 1 in Dodging
  1306 | D:2      | Reached skill level 1 in Invocations
  1306 | D:2      | Reached XP level 4. HP: 11/29 MP: 3/5
  1306 | D:2      | Reached XP level 5. HP: 12/33 MP: 3/6
  1688 | D:2      | Found a shimmering altar of Xom.
  2187 | D:3      | Noticed Terence
  2200 | D:3      | Killed Terence
  3415 | D:4      | Reached XP level 6. HP: 32/39 MP: 7/7
  4068 | D:4      | Reached skill level 5 in Fighting
  4074 | D:4      | Noticed Robin
  4081 | D:4      | Killed Robin
  4650 | D:5      | Entered Level 5 of the Dungeon
  4733 | D:5      | Reached XP level 7. HP: 44/44 MP: 8/8
  4742 | D:5      | Found a shadowy altar of Dithmenos.
  4823 | D:5      | Found a staircase to the Ecumenical Temple.
  4894 | Temple   | Entered the Ecumenical Temple
  5010 | Temple   | Became a worshipper of Warmaster Okawaru
  5176 | D:5      | Found the +4 dagger "Morg" {pain, Will+ Int+5}
  5258 | D:5      | Reached XP level 8. HP: 43/51 MP: 10/10
  5584 | D:5      | Reached skill level 6 in Fighting
  5600 | D:6      | Reached skill level 5 in Maces & Flails
  5625 | D:6      | Noticed a yak
  5625 | D:6      | Noticed a yak
  5632 | D:6      | Noticed a yak
  5632 | D:6      | Noticed a yak
  5643 | D:5      | Killed a yak
  5643 | D:5      | Reached * piety under Okawaru
  5646 | D:5      | Killed a yak
  5647 | D:5      | Reached skill level 5 in Armour
  5647 | D:5      | Reached skill level 5 in Shields
  5810 | D:6      | Noticed a yak
  5811 | D:6      | Noticed a yak
  5828 | D:5      | Killed a yak
  6261 | D:5      | Killed a yak
  6261 | D:5      | Reached ** piety under Okawaru
  6351 | D:5      | Killed a yak
  6352 | D:5      | Reached skill level 7 in Fighting
  6352 | D:5      | Reached XP level 9. HP: 43/57 MP: 12/12
  6946 | D:6      | Found Kodd's Lightly-Used Armoury.
  7540 | D:6      | Reached *** piety under Okawaru
  7859 | D:7      | Reached skill level 8 in Fighting
  8736 | D:7      | Reached skill level 5 in Invocations
  8736 | D:7      | Reached XP level 10. HP: 65/65 MP: 13/13
  8787 | D:8      | Found a sacrificial altar of Ru.
  8788 | D:8      | Found a snail-covered altar of Cheibriados.
  8794 | D:8      | Found a shimmering altar of Xom.
  8809 | D:8      | Found a burning altar of Makhleb.
  8814 | D:8      | Found a broken altar of Ashenzari.
  8855 | D:8      | Found an opulent altar of Gozag.
  8857 | D:8      | Found a hazy altar of Hepliaklqana.
  8861 | D:8      | Found a glowing golden altar of the Shining One.
  9270 | D:8      | Found Awapitih's Jewellery Shoppe.
  9448 | D:8      | Found a shimmering blue altar of Sif Muna.
  9694 | D:9      | Reached **** piety under Okawaru
  9882 | D:9      | Noticed a two-headed ogre
  9918 | D:9      | Killed a two-headed ogre
  9919 | D:9      | Reached skill level 9 in Fighting
 10178 | D:9      | Noticed a molten gargoyle
 10179 | D:9      | Noticed a two-headed ogre
 10308 | D:9      | Identified the +7 dagger of Truth {venom, Str+2}
 10634 | D:9      | Found a runed translucent gate.
 10635 | D:9      | Found a runed translucent gate.
 10636 | D:9      | Found a runed translucent gate.
 10638 | D:9      | Noticed flotson's ghost (novice DsGl)
 10653 | D:9      | Noticed a molten gargoyle
 10654 | D:9      | Noticed a molten gargoyle
 10673 | D:9      | Killed a molten gargoyle
 10681 | D:9      | Killed a molten gargoyle
 10684 | D:9      | Noticed a molten gargoyle
 10701 | D:9      | Killed a molten gargoyle
 10711 | D:9      | Killed a molten gargoyle
 10861 | D:9      | Killed a two-headed ogre
 10861 | D:9      | Reached ***** piety under Okawaru
 10862 | D:9      | Reached skill level 10 in Fighting
 10862 | D:9      | Reached XP level 11. HP: 42/72 MP: 15/15
 11267 | D:9      | Found a sparkling altar of Nemelex Xobeh.
 11676 | D:9      | Found a viscous altar of Jiyva.
 11714 | D:10     | Entered Level 10 of the Dungeon
 11727 | D:10     | Found a runed translucent door.
 11727 | D:10     | Noticed a two-headed ogre
 11738 | D:10     | Killed a two-headed ogre
 11813 | D:10     | Noticed a necromancer
 11815 | D:10     | Noticed a flayed ghost
 11815 | D:10     | Noticed flotson's ghost (journeyman DsGl)
 11815 | D:10     | Noticed a lich
 11822 | D:10     | Noticed a skeletal warrior
 11823 | D:10     | Noticed a skeletal warrior
 12061 | D:10     | Found a runed translucent door.
 12064 | D:10     | Noticed a stone giant
 12123 | D:10     | Found a radiant altar of Vehumet.
 12209 | D:10     | Reached skill level 5 in Dodging
 12229 | D:10     | Identified the +0 hat of Insecurity {rPois rN+} (Okawaru
                  | gifted it to you on level 10 of the Dungeon)
 12229 | D:10     | Received a gift from Okawaru
 12319 | D:10     | Noticed a boulder beetle
 12336 | D:10     | Killed a boulder beetle
 13260 | D:11     | Noticed a two-headed ogre
 13282 | D:11     | Killed a two-headed ogre
 13575 | D:11     | Noticed a two-headed ogre
 13584 | D:11     | Killed a two-headed ogre
 13585 | D:11     | Reached skill level 11 in Fighting
 13656 | D:11     | Found a hide-covered altar of Uskayaw.
 13689 | D:11     | Reached skill level 10 in Maces & Flails
 14671 | D:11     | Slain by a komodo dragon

Illustrated notes

Levels and vault maps discovered:
D:1:      ebering_trefoil_twist, layout_basic
D:2:      layout_basic, dreamdust_ecumenical_altar_drowned_temple, basic_altar,
          serial_shops, nicolae_shop_bloodbath_and_beyond
D:3:      layout_loops_corners, uniq_terence
D:4:      layout_basic, uniq_robin
D:5:      layout_rooms, nicolae_dithmenos_shadow_blocks,
          minmay_temple_entry_ruins
D:6:      layout_rooms, minmay_shop_damaged, minmay_between
D:7:      layout_basic, kennysheep_generic_room_15
D:8:      layout_basic, kennysheep_mini, nicolae_overflow_hallway_of_the_gods,
          serial_shops, nicolae_lakefront_shop
D:9:      layout_basic, nemelex_altar_shiori, gammafunk_ghost_ooze,
          kennysheep_decorative_pillar, dk_noncrumbling_4, minivault_8
D:10:     layout_roguey, general_overflow_altar, muffindrake_ghost_dual_entry,
          minivault_16, nzn_sisyphean_effort
D:11:     layout_loops_ring, erik_lair_dragon, eat_drink_and_be_merry_uskayaw
Temple:   eino_temple_lava

Skill      XL: |  1  2  3  4  5  6  7  8  9 10 11 |
---------------+----------------------------------+-----
Fighting       | 4 5 7 8 10 11 | 11.1
Maces & Flails | 3 4 6 7 8 10 | 10.0
Dodging        | 1 2 3 4 5 |  5.6
Invocations    | 1 2 4 5 6 7 |  7.4
Shields        | 4 5 |  5.9
Armour         | 4 5 6 7 8 |  8.2

Action                   |  1- 3 |  4- 6 |  7- 9 | 10-12 || total
-------------------------+-------+-------+-------+-------++-------
Melee: Flail             |    46 |       |       |       ||    46
       Dagger            |    49 |   172 |       |       ||   221
       Whip              |       |    17 |   363 |   561 ||   941
Invok: Heroism           |       |       |       |     3 ||     3
       Finesse           |       |       |       |     1 ||     1
  Use: Potion            |       |       |     1 |     3 ||     4
       Scroll            |       |       |       |     3 ||     3
Armor: Scale mail        |    59 |     2 |       |       ||    61
       Ring mail         |       |    70 |   127 |       ||   197
       Skin              |       |     4 |       |       ||     4
       Plate armour      |       |       |    45 |   310 ||   355
Dodge: Dodged            |    55 |    62 |   131 |   163 ||   411
Block: Buckler           |    34 |    37 |    57 |   121 ||   249

Table legend: (Time is in decaauts)
 A = Elapsed time spent in this place.
 B = Non-inter-level travel time spent in this place.
 C = Inter-level travel time spent in this place.
 D = Time resting spent in this place.
 E = Time spent auto-exploring this place.
 F = Levels seen in this place.
 G = Mean time per level.
                   A        B        C        D        E       F      G
               +--------+--------+--------+--------+--------+-----+--------+
         Total |  14456 |  14087 |    369 |   2184 |   9786 |  12 | 1204.7 |
       Dungeon |  14331 |  13974 |    357 |   2184 |   9677 |  11 | 1302.8 |
        Temple |    125 |    113 |     12 |      0 |    109 |   1 |  125.0 |
               +--------+--------+--------+--------+--------+-----+--------+

Top non-repeatable levels by time:
     D:9: 1970 daAuts
     D:5: 1727 daAuts
    D:11: 1659 daAuts
     D:4: 1303 daAuts
    D:10: 1197 daAuts
     D:3: 1193 daAuts
     D:6: 1149 daAuts
     D:1: 1111 daAuts
     D:2: 1065 daAuts
     D:7: 1044 daAuts
     D:8: 908 daAuts
  Temple: 125 daAuts
